[Event "Titled Tuesday Blitz March 15 Early 2022"]
[White "Maltsevskaya, Aleksandra"]
[Black "Xiong, Jeffery"]
[WhiteFideId "24174041"]
[BlackFideId "2047640"]
[WhiteElo "2241"]
[BlackElo "2727"]
[Result "0-1"]
[Round "02"]
[TimeControl "180+1"]
[Date "2022.03.15"]
[WhiteClock "0:01:19"]
[BlackClock "0:00:26"]

1. e4 g6 2. d4 Bg7 3. Nf3 d6 4. Nc3 a6 5. a4 Nf6 6. Bc4 O-O 7. O-O Nc6 8. h3 e6 9. Bg5 h6 10. Be3 Bd7 11. e5 Ne8 12. Qd2 Kh7 13. Bf4 dxe5 14. dxe5 Qe7 15. Rad1 Rd8 16. Qe3 f6 17. exf6 Qxf6 18. Bg3 Nd6 19. Bd3 Nf5 20. Bxf5 exf5 21. Bxc7 Rde8 22. Qb6 Bc8 23. Rfe1 g5 24. Bd6 Rxe1+ 25. Nxe1 Re8 26. Nd3 Qxd6 27. Nc5 Bd4 28. Nxb7 Qe7 29. Qxc6 Bxb7 30. Qc4 Qe1+ 31. Kh2 Be5+ 32. f4 Bxf4+ 33. Qxf4 gxf4 0-1


[Site "https://www.chess.com"]

[Event "Titled Tuesday Blitz March 15 Early 2022"]
[White "Manolache, Marius"]
[Black "Avazkhonov, Alikhon"]
[WhiteFideId "1201530"]
[BlackFideId "14208504"]
[WhiteElo "2389"]
[BlackElo "1739"]
[Result "1/2-1/2"]
[Round "02"]
[TimeControl "180+1"]
[Date "2022.03.15"]
[WhiteClock "0:02:03"]
[BlackClock "0:00:07"]

1. d4 Nf6 2. c4 g6 3. Nc3 Bg7 4. e4 d6 5. h3 O-O 6. Be3 e5 7. d5 a5 8. g4 Na6 9. Nf3 Bd7 10. Nd2 c6 11. Be2 Rc8 12. Rg1 cxd5 13. cxd5 Nc5 14. g5 Ne8 15. h4 f5 16. gxf6 Nxf6 17. h5 Nxh5 18. Bxc5 Rxc5 19. Bxh5 gxh5 20. Qxh5 Qf6 21. f3 b5 22. a3 Be8 23. Qg5 Qxg5 24. Rxg5 b4 25. axb4 axb4 26. Nd1 Bg6 27. b3 Bh6 28. Rxg6+ hxg6 29. Nc4 Rxf3 30. Ra8+ Kg7 31. Ra7+ Rf7 32. Rxf7+ Kxf7 33. Nxd6+ Ke7 34. Nc4 Rxc4 35. bxc4 Bc1 36. Ke2 Kd6 37. Kd3 Kc5 38. Nf2 b3 39. Ng4 Bf4 40. Nf6 b2 41. Kc2 Kxc4 42. d6 Bg5 43. Nd7 Kd4 44. Nf8 Kxe4 45. Nxg6 Kd5 46. Nxe5 Kxe5 47. Kxb2 Kxd6 1/2-1/2


[Site "https://www.chess.com"]

[Event "Titled Tuesday Blitz March 15 Early 2022"]
[White "Manon-og, Ramon Jr."]
[Black "Tarhan, Adar"]
[WhiteFideId "5200776"]
[BlackFideId "34544712"]
[WhiteElo "2298"]
[BlackElo "1802"]
[Result "0-1"]
[Round "02"]
[TimeControl "180+1"]
[Date "2022.03.15"]
[WhiteClock "0:00:06"]
[BlackClock "0:02:18"]

1. e4 c6 2. d4 d5 3. exd5 cxd5 4. Nc3 Nc6 5. Nf3 Nf6 6. Bb5 Bg4 7. O-O e6 8. Bg5 Bd6 9. Qd2 Bxf3 10. gxf3 Qb6 11. Bf4 Bxf4 12. Qxf4 O-O 13. Bxc6 bxc6 14. Na4 Qb4 15. Nc3 Qxb2 16. Na4 Qxc2 17. Nc5 Rad8 18. Kh1 Nd7 19. Nxd7 Rxd7 20. Rac1 Qxa2 21. Ra1 Qc2 22. Rac1 Qd3 23. Rg1 g6 24. Qd2 Qxd2 25. Rxc6 Qxf2 0-1


[Site "https://www.chess.com"]

[Event "Titled Tuesday Blitz March 15 Early 2022"]
[White "Meyer, Lars A."]
[Black "Odegov, Artem"]
[WhiteFideId "1401947"]
[BlackFideId "34183644"]
[WhiteElo "2297"]
[BlackElo "2286"]
[Result "0-1"]
[Round "02"]
[TimeControl "180+1"]
[Date "2022.03.15"]
[WhiteClock "0:00:01"]
[BlackClock "0:00:02"]

1. d4 Nf6 2. c4 c5 3. Nf3 cxd4 4. Nxd4 e5 5. Nc2 d5 6. cxd5 Qxd5 7. Qxd5 Nxd5 8. e4 Nf6 9. Nc3 Nc6 10. Bb5 Bc5 11. Bg5 O-O 12. Bxf6 gxf6 13. Bxc6 bxc6 14. O-O Be6 15. Rfc1 Rab8 16. Na4 Be7 17. b3 Rfd8 18. Ne3 Rd4 19. f3 Rc8 20. Rc2 c5 21. Rac1 c4 22. Nxc4 Bb4 23. Ne3 Rcd8 24. Nc3 Ba3 25. Rf1 Rd3 26. Ncd5 Kg7 27. Rc7 Rc8 28. Rxc8 Bxc8 29. Rd1 Rxd1+ 30. Nxd1 Be6 31. N1c3 Bc5+ 32. Kf1 f5 33. h3 fxe4 34. fxe4 Bd4 35. Ke2 f5 36. Kd3 fxe4+ 37. Kxe4 Bf7 38. Ne2 Bg6+ 39. Kf3 Bc5 40. Ndc3 Bb4 41. g4 Bf7 0-1


[Site "https://www.chess.com"]

[Event "Titled Tuesday Blitz March 15 Early 2022"]
[White "Migot, Tangi"]
[Black "Quirke, Jeffrey"]
[WhiteFideId "662445"]
[BlackFideId "2013029"]
[WhiteElo "2512"]
[BlackElo "2255"]
[Result "1-0"]
[Round "02"]
[TimeControl "180+1"]
[Date "2022.03.15"]
[WhiteClock "0:00:36"]
[BlackClock "0:00:06"]

1. Nf3 d5 2. g3 Nd7 3. d4 Nb6 4. Bg2 Bf5 5. O-O e6 6. a4 a5 7. b3 Be7 8. Nbd2 h6 9. c4 c6 10. Bb2 Nf6 11. Re1 Bb4 12. Ba3 Bxa3 13. Rxa3 O-O 14. e3 Ne4 15. Qc1 Bh7 16. Bf1 Qe7 17. Nxe4 Bxe4 18. Nd2 Bh7 19. Qc3 Qxa3 20. e4 Qb4 21. Qe3 dxe4 22. h4 Rad8 23. Rd1 Nd7 24. g4 h5 25. gxh5 Nf6 26. h6 Qe7 27. hxg7 Kxg7 28. Be2 Kh8 29. Kh1 Rg8 30. Nf1 Ng4 31. Qg3 e3 32. Bxg4 exf2 33. Nh2 Be4+ 34. Nf3 f5 35. Qe5+ Qg7 36. Qxg7+ Rxg7 37. Bh5 Rh7 38. Kg2 Rxh5 39. Kxf2 Bxf3 40. Kxf3 Rxh4 41. Re1 Rg4 42. Rxe6 Rgxd4 43. Re7 Rd3+ 44. Kf4 Rxb3 45. Kxf5 Rb4 46. Kg6 Rd6+ 47. Kf7 Rxc4 48. Re1 Rd7+ 49. Ke6 Rh7 50. Kf6 Rh6+ 51. Kf7 Rh7+ 52. Kg6 Rc5 53. Re8# 1-0


[Site "https://www.chess.com"]

[Event "Titled Tuesday Blitz March 15 Early 2022"]
[White "Mitusov, Semen"]
[Black "Dwilewicz, Katarzyna"]
[WhiteFideId "14151049"]
[BlackFideId "1148486"]
[WhiteElo "2265"]
[BlackElo "1907"]
[Result "1-0"]
[Round "02"]
[TimeControl "180+1"]
[Date "2022.03.15"]
[WhiteClock "0:00:43"]
[BlackClock "0:00:01"]

1. e4 c5 2. c3 g6 3. d4 cxd4 4. cxd4 Bg7 5. Nc3 d6 6. Nf3 Bg4 7. Bc4 e6 8. O-O Ne7 9. Be3 Nbc6 10. d5 Ne5 11. Bb5+ Kf8 12. Be2 Nxf3+ 13. Bxf3 Bxf3 14. Qxf3 e5 15. Rac1 f5 16. Nb5 Kf7 17. Nc7 Rc8 18. Ne6 Qd7 19. Bg5 f4 20. g3 h6 21. Bxe7 Qxe7 22. gxf4 Qf6 23. f5 gxf5 24. exf5 Rhg8 25. Qh5+ Ke7 26. Kh1 e4 27. Rg1 Bh8 28. Rxg8 Rxc1+ 29. Kg2 Qf7 30. Qxf7+ Kxf7 31. Rxh8 Rc2 32. Rxh6 e3 33. Ng5+ Kg7 34. Rg6+ Kf8 35. Nh3 Rxb2 36. Re6 exf2 37. Nxf2 Rxa2 38. h4 Ra5 39. Rxd6 b5 40. f6 b4 41. Ne4 b3 42. Ng5 Ra2+ 43. Kg3 Re2 44. Rd7 b2 45. Rb7 a5 46. f7 a4 47. Rb8+ Kg7 48. f8=Q+ 1-0


[Site "https://www.chess.com"]

[Event "Titled Tuesday Blitz March 15 Early 2022"]
[White "Molina, Roberto Junio Brito"]
[Black "Popadic, Dragan"]
[WhiteFideId "2109450"]
[BlackFideId "913650"]
[WhiteElo "2432"]
[BlackElo "2222"]
[Result "1-0"]
[Round "02"]
[TimeControl "180+1"]
[Date "2022.03.15"]
[WhiteClock "0:01:44"]
[BlackClock "0:01:07"]

1. d4 Nf6 2. c4 g6 3. Nc3 Bg7 4. e4 d6 5. f3 O-O 6. Be3 c5 7. Nge2 Nc6 8. Qd2 e6 9. O-O-O Qa5 10. Kb1 a6 11. d5 exd5 12. Nxd5 Nxd5 13. cxd5 Qxd2 14. Rxd2 Ne5 15. Nc3 b5 16. Be2 f5 17. f4 Nf7 18. exf5 Bxf5+ 19. Bd3 Bxd3+ 20. Rxd3 Rfe8 21. Nd1 Re7 22. g4 Rae8 23. h3 c4 24. Ra3 b4 25. Rxa6 Rxe3 26. Nxe3 Rxe3 27. Ra8+ Bf8 28. Rb8 b3 29. a4 c3 30. bxc3 Rxc3 31. Rc1 Rf3 32. Rcc8 Rxf4 33. Rxf8+ Kg7 34. a5 Ne5 35. Rxf4 1-0


[Site "https://www.chess.com"]

[Event "Titled Tuesday Blitz March 15 Early 2022"]
[White "Moroni, Luca Jr"]
[Black "Martin Carmona, Gaston Manuel"]
[WhiteFideId "865834"]
[BlackFideId "22284567"]
[WhiteElo "2573"]
[BlackElo "2161"]
[Result "1-0"]
[Round "02"]
[TimeControl "180+1"]
[Date "2022.03.15"]
[WhiteClock "0:00:19"]
[BlackClock "0:00:11"]

1. d4 Nf6 2. Bf4 g6 3. Nc3 d5 4. Nb5 Na6 5. e3 Bg7 6. Nf3 O-O 7. h3 Ne4 8. Nc3 Nxc3 9. bxc3 c5 10. Qd2 c4 11. Be2 Nb8 12. O-O Nc6 13. a4 f6 14. Rfb1 a6 15. Qe1 e5 16. Bg3 Qe7 17. e4 dxe4 18. Bxc4+ Kh8 19. Qxe4 f5 20. Qe2 e4 21. Bh4 Qd6 22. Ng5 Nd8 23. a5 Bd7 24. Rb6 Qc7 25. Bg3 f4 26. Bh4 Rc8 27. Bb3 Qxc3 28. Rd1 f3 29. Qxe4 fxg2 30. Qxg2 Bf5 31. Ne4 Bxe4 32. Qxe4 Qxh3 33. Bg3 Qh5 34. Re1 Qxa5 35. Rd6 Qf5 36. Qxf5 gxf5 37. Rd7 Nc6 38. d5 Na5 39. Ree7 Rg8 40. d6 f4 41. Bxg8 Rxg8 42. Rxg7 Rxg7 43. Rxg7 Kxg7 44. d7 Nc6 45. Bxf4 Kf7 46. Bg5 b5 47. Kf1 Ke6 48. d8=Q Nxd8 49. Bxd8 Kd5 50. Ke2 Kd4 51. Bf6+ Kc4 52. Bd8 b4 53. f4 h5 54. f5 Kd5 55. Bh4 Ke5 56. f6 Ke6 57. Kd3 a5 58. Kc4 Kf7 59. Kb3 Kg6 60. Ka4 Kf7 61. Kxa5 1-0


[Site "https://www.chess.com"]

[Event "Titled Tuesday Blitz March 15 Early 2022"]
[White "Muradli, Mahammad"]
[Black "Fathy, Elameir"]
[WhiteFideId "13409301"]
[BlackFideId "10600396"]
[WhiteElo "2611"]
[BlackElo "2311"]
[Result "1-0"]
[Round "02"]
[TimeControl "180+1"]
[Date "2022.03.15"]
[WhiteClock "0:02:11"]
[BlackClock "0:01:41"]

1. g3 d5 2. Bg2 c6 3. b3 Bf5 4. Bb2 e6 5. d3 h6 6. Nd2 Nf6 7. e4 Bh7 8. e5 Nfd7 9. f4 Be7 10. Ngf3 c5 11. O-O Nc6 12. g4 O-O 13. a3 f6 14. f5 exf5 15. e6 fxg4 16. exd7 gxf3 17. Qxf3 Qxd7 18. Qxd5+ Qxd5 19. Bxd5+ Kh8 20. Rae1 Bd6 21. Nc4 Bc7 22. Bxc6 bxc6 23. Re7 Rac8 24. a4 Rfe8 25. Rfe1 Bg6 26. Ba3 Rxe7 27. Rxe7 Bd8 28. Rxa7 f5 29. Bxc5 Bh4 30. Nd6 Bh5 1-0


[Site "https://www.chess.com"]

[Event "Titled Tuesday Blitz March 15 Early 2022"]
[White "Nan, M K Khine Hlyan"]
[Black "Miszler, Levente"]
[WhiteFideId "13002899"]
[BlackFideId "763276"]
[WhiteElo "1943"]
[BlackElo "1966"]
[Result "0-1"]
[Round "02"]
[TimeControl "180+1"]
[Date "2022.03.15"]
[WhiteClock "0:00:48"]
[BlackClock "0:00:54"]

1. e4 e6 2. d4 d5 3. exd5 exd5 4. Bd3 Bd6 5. Nf3 Nf6 6. O-O O-O 7. h3 h6 8. Nbd2 Be6 9. c4 dxc4 10. Nxc4 Be7 11. Nce5 Nbd7 12. Nxd7 Qxd7 13. Ne5 Qd8 14. Be3 Nd5 15. Qf3 Bf6 16. Qg3 Nxe3 17. fxe3 Re8 18. Ng4 Bxg4 19. hxg4 Bg5 20. Rae1 c5 21. Bc4 Re7 22. dxc5 Qd2 23. Qd6 Bxe3+ 24. Kh1 Rd7 25. Qe5 Bd4 26. Qf5 Bf6 27. Rd1 Qxd1 28. Rxd1 Rxd1+ 29. Kh2 Rad8 30. b4 R1d4 31. Bb5 Rxb4 32. Bd3 Rbd4 33. Qh7+ Kf8 34. Bb5 Rxg4 35. Qe4 Rxe4 0-1


[Site "https://www.chess.com"]

[Event "Titled Tuesday Blitz March 15 Early 2022"]
[White "Navalgund, Niranjan"]
[Black "Babazada, Khazar"]
[WhiteFideId "5030854"]
[BlackFideId "13413554"]
[WhiteElo "2290"]
[BlackElo "2418"]
[Result "0-1"]
[Round "02"]
[TimeControl "180+1"]
[Date "2022.03.15"]
[WhiteClock "0:01:02"]
[BlackClock "0:01:43"]

1. e4 Nf6 2. e5 Nd5 3. Bc4 Nb6 4. Bb3 d5 5. exd6 cxd6 6. Nf3 g6 7. O-O Bg7 8. d4 O-O 9. c3 Nc6 10. h3 Bf5 11. Bg5 Qd7 12. Nbd2 h6 13. Bf4 g5 14. Bxg5 hxg5 15. Nxg5 Bg6 16. Qf3 Qf5 17. Qg3 e5 18. Ndf3 Qf4 19. Qg4 Qxg4 20. hxg4 exd4 21. Nh4 d5 22. cxd4 Nxd4 23. Nxg6 fxg6 24. Bd1 Bh6 25. f4 Bxg5 26. fxg5 Ne6 27. Re1 Nxg5 28. Re7 Rae8 29. Rxe8 Rxe8 30. Bc2 Kg7 31. Bd3 Ne6 32. g3 Nc5 33. Bb5 Re4 34. Rc1 Ne6 35. Kg2 Rb4 36. Be8 Rxb2+ 37. Kh3 Ng5+ 38. Kh4 Kh6 39. Rh1 Nc4 40. Bxg6 Kxg6 41. a4 Ne5 42. Rf1 Rh2# 0-1


[Site "https://www.chess.com"]

[Event "Titled Tuesday Blitz March 15 Early 2022"]
[White "Nenezic, Marko"]
[Black "Nakamura, Hikaru"]
[WhiteFideId "912123"]
[BlackFideId "2016192"]
[WhiteElo "2457"]
[BlackElo "2850"]
[Result "0-1"]
[Round "02"]
[TimeControl "180+1"]
[Date "2022.03.15"]
[WhiteClock "0:00:46"]
[BlackClock "0:02:03"]

1. Nf3 d5 2. g3 g6 3. Bg2 Bg7 4. d4 Nd7 5. O-O Nb6 6. a4 a5 7. b3 Nh6 8. Ba3 Nf5 9. e3 O-O 10. Nbd2 Re8 11. c4 c6 12. Qc2 Nh6 13. h3 Bf5 14. Qc3 f6 15. Rfe1 e5 16. dxe5 fxe5 17. e4 d4 18. Qc2 Be6 19. c5 Nd7 20. Nc4 Nf7 21. Rec1 Bf8 22. Nb2 g5 23. Ne1 h5 24. Kh2 h4 25. Bf1 g4 26. hxg4 hxg3+ 27. fxg3 Nh6 28. Be2 Nf6 29. Kg1 Nhxg4 30. Bc4 Qd7 31. Qe2 Qh7 32. Ned3 Bh6 0-1


[Site "https://www.chess.com"]

[Event "Titled Tuesday Blitz March 15 Early 2022"]
[White "Nikulina, Alena"]
[Black "Dolzhykova, Kateryna"]
[WhiteFideId "4172051"]
[BlackFideId "14113414"]
[WhiteElo "1778"]
[BlackElo "2184"]
[Result "0-1"]
[Round "02"]
[TimeControl "180+1"]
[Date "2022.03.15"]
[WhiteClock "0:00:14"]
[BlackClock "0:00:12"]

1. e4 c5 2. Nf3 Nc6 3. d4 cxd4 4. Nxd4 Nf6 5. Nc3 e5 6. Ndb5 Bc5 7. Nd6+ Kf8 8. Bc4 Na5 9. Nxf7 Qb6 10. O-O Nxc4 11. Nxh8 Kg8 12. Nd5 Nxd5 13. Qxd5+ Kxh8 14. Qxc4 d5 15. exd5 Bd7 16. a3 Rf8 17. Qh4 a5 18. Be3 Bxe3 19. fxe3 Qxe3+ 20. Kh1 Re8 21. Rae1 Qc5 22. c4 b5 23. b3 a4 24. bxa4 bxc4 25. Rc1 e4 26. Rc3 Qxd5 27. h3 Bxa4 28. Qf2 h6 29. Re1 Bb3 30. Qe3 Qa5 31. Rf1 Qxa3 32. Rxc4 Qa6 33. Rxe4 Qxf1+ 34. Kh2 Rxe4 35. Qxe4 Bg8 36. Qa8 Qf6 37. Qe4 Qd6+ 38. Kh1 Qd5 39. Qe3 Be6 40. Kh2 Bf5 41. Kh1 Qe4 42. Qg3 Qb1+ 43. Kh2 Qe4 44. Qb8+ Kh7 45. Qg3 Qe6 46. Qb8 Be4 47. Qg3 Qg6 48. Qf2 Qxg2+ 49. Qxg2 Bxg2 50. Kxg2 Kg6 51. Kg3 Kf5 52. h4 h5 53. Kh3 Kf4 54. Kh2 Kg4 55. Kg2 Kxh4 56. Kh2 Kg4 57. Kg2 g5 58. Kh2 h4 59. Kg2 Kf4 60. Kh2 g4 61. Kg2 Ke3 62. Kh2 Kf3 63. Kg1 g3 64. Kh1 g2+ 65. Kg1 h3 66. Kh2 Kf2 67. Kxh3 g1=Q 68. Kh4 Qg6 69. Kh3 Qh5# 0-1


[Site "https://www.chess.com"]

[Event "Titled Tuesday Blitz March 15 Early 2022"]
[White "Omariev, Maksim"]
[Black "Sailer, Mike"]
[WhiteFideId "4193423"]
[BlackFideId "2012901"]
[WhiteElo "2459"]
[BlackElo "2109"]
[Result "1-0"]
[Round "02"]
[TimeControl "180+1"]
[Date "2022.03.15"]
[WhiteClock "0:00:10"]
[BlackClock "0:00:08"]

1. g4 d6 2. h3 c5 3. Bg2 Nc6 4. c4 g6 5. Nc3 Bg7 6. d3 e5 7. Nf3 Nge7 8. Bg5 h6 9. Be3 Be6 10. Qd2 Nd4 11. O-O-O Rb8 12. Kb1 a6 13. Ne1 b5 14. Nd5 bxc4 15. dxc4 e4 16. Bxe4 Nec6 17. Nd3 Na5 18. Rc1 Qd7 19. Qxa5 Nxe2 20. Rc2 Bxd5 21. Bxd5 Nd4 22. Bxd4 Bxd4 23. Re1+ Kf8 24. Rce2 Rh7 25. Qd2 Kg8 26. Qf4 Rg7 27. Qxh6 Qa4 28. Re7 1-0


[Site "https://www.chess.com"]

[Event "Titled Tuesday Blitz March 15 Early 2022"]
[White "Orlov, Georgi"]
[Black "Petrova, Irina"]
[WhiteFideId "2011271"]
[BlackFideId "14124122"]
[WhiteElo "2543"]
[BlackElo "1993"]
[Result "1-0"]
[Round "02"]
[TimeControl "180+1"]
[Date "2022.03.15"]
[WhiteClock "0:00:21"]
[BlackClock "0:00:02"]

1. d4 d5 2. Nf3 Nf6 3. c4 c6 4. Nc3 e6 5. e3 Nbd7 6. Bd3 dxc4 7. Bxc4 b5 8. Bd3 Bb7 9. e4 b4 10. Na4 c5 11. e5 Nd5 12. dxc5 Nxc5 13. Nxc5 Bxc5 14. O-O h6 15. Bb5+ Kf8 16. Qe2 Qb6 17. Bd3 g6 18. Nh4 Kg7 19. Qg4 Ne7 20. a3 a5 21. Qg3 Rad8 22. axb4 axb4 23. Bc2 Qc6 24. Nf3 Nf5 25. Bxf5 exf5 26. h4 Qe4 27. Bf4 Rd3 28. Rae1 Qc4 29. e6 Bxf3 30. gxf3 Qd5 31. Rc1 Rxf3 32. Qg2 Bd4 33. exf7 Qe4 34. Bd6 Kxf7 35. Rc7+ Kf6 36. Be7+ Kf7 37. Bxb4+ Kf6 38. Be7+ Kf7 39. Bc5+ Kf6 40. Bxd4+ Qxd4 41. Rc6+ Ke5 42. Qxf3 g5 43. Re1+ 1-0


[Site "https://www.chess.com"]

[Event "Titled Tuesday Blitz March 15 Early 2022"]
[White "Pakleza, Zbigniew"]
[Black "Gurevich, Dmitry"]
[WhiteFideId "1119290"]
[BlackFideId "2000407"]
[WhiteElo "2467"]
[BlackElo "2506"]
[Result "0-1"]
[Round "02"]
[TimeControl "180+1"]
[Date "2022.03.15"]
[WhiteClock "0:00:20"]
[BlackClock "0:00:09"]

1. Nf3 Nf6 2. d4 d5 3. Bf4 e6 4. e3 Be7 5. Nbd2 O-O 6. Bd3 c5 7. c3 Nc6 8. h3 b6 9. O-O Bb7 10. Bh2 Bd6 11. Ne5 Qc7 12. f4 g6 13. Qf3 a6 14. g4 b5 15. a3 c4 16. Bc2 a5 17. h4 b4 18. h5 Rab8 19. Bg3 bxc3 20. bxc3 Ba6 21. Rf2 Rb2 22. Nf1 Bb7 23. hxg6 fxg6 24. Rb1 Rxb1 25. Bxb1 Ne4 26. Bxe4 dxe4 27. Qe2 Nxe5 28. fxe5 Bxa3 29. Nd2 Bd5 30. Bf4 a4 31. Qd1 Qd7 32. Nb1 Be7 33. Ra2 Rb8 34. Nd2 Qb5 35. Kg2 a3 36. Qa1 Qa5 37. Nb1 Rb3 38. Bg3 Qb5 39. Nd2 Rb2 40. Be1 Rxa2 41. Qxa2 Qb2 42. Qxb2 axb2 43. Kf1 Bc6 44. Ke2 Ba4 45. Nb1 Bc2 46. Nd2 Bd3+ 47. Kf2 Bh4+ 48. Kg2 Bxe1 49. Nxc4 Bxc4 0-1


[Site "https://www.chess.com"]

[Event "Titled Tuesday Blitz March 15 Early 2022"]
[White "Paravyan, David"]
[Black "Jaferian, Koosha"]
[WhiteFideId "4194985"]
[BlackFideId "12507440"]
[WhiteElo "2569"]
[BlackElo "2030"]
[Result "1-0"]
[Round "02"]
[TimeControl "180+1"]
[Date "2022.03.15"]
[WhiteClock "0:02:01"]
[BlackClock "0:01:24"]

1. e4 c6 2. d4 d5 3. e5 Bf5 4. Nf3 e6 5. Be2 c5 6. Be3 cxd4 7. Nxd4 Ne7 8. O-O Nbc6 9. Bb5 a6 10. Bxc6+ bxc6 11. c4 Qd7 12. Nc3 dxc4 13. Nxf5 Qxd1 14. Nxg7+ Bxg7 15. Rfxd1 Bxe5 16. Bd4 Bxd4 17. Rxd4 Nd5 18. Rxc4 Kd7 19. Rc1 Rhc8 20. g3 Rab8 21. b3 Rb4 22. Nxd5 Rxc4 23. Nb6+ 1-0


[Site "https://www.chess.com"]

[Event "Titled Tuesday Blitz March 15 Early 2022"]
[White "Petersson, Kjell"]
[Black "Chernov, Mikhail"]
[WhiteFideId "1705148"]
[BlackFideId "24143170"]
[WhiteElo "2009"]
[BlackElo "2189"]
[Result "0-1"]
[Round "02"]
[TimeControl "180+1"]
[Date "2022.03.15"]
[WhiteClock "0:00:19"]
[BlackClock "0:00:29"]

1. d4 Nf6 2. Bf4 d6 3. Nc3 Bf5 4. f3 Nbd7 5. e4 Bg6 6. Qd2 e5 7. Be3 Be7 8. O-O-O O-O 9. h4 h5 10. Be2 a5 11. g4 a4 12. a3 b5 13. gxh5 Nxh5 14. Bxb5 exd4 15. Bxd4 c5 16. Be3 Rb8 17. Bxa4 Ne5 18. Qe2 Ng3 19. Qg2 Nxh1 20. Qxh1 Nc4 21. Bxc5 Bxh4 22. Bb4 Bg5+ 23. Kb1 Qb6 24. Bb3 Nd2+ 25. Ka2 Nxb3 26. cxb3 Rfc8 27. Na4 Qa6 28. Rxd6 Qf1 29. Qh2 Rc1 30. Rd1 Qxd1 31. Qxb8+ Kh7 32. Qh2+ Bh6 33. Qxh6+ gxh6 34. Nc3 Ra1# 0-1


[Site "https://www.chess.com"]

[Event "Titled Tuesday Blitz March 15 Early 2022"]
[White "Pourkashiyan, Atousa"]
[Black "Johnson, Ben"]
[WhiteFideId "12502014"]
[BlackFideId "2010917"]
[WhiteElo "2247"]
[BlackElo "2226"]
[Result "1-0"]
[Round "02"]
[TimeControl "180+1"]
[Date "2022.03.15"]
[WhiteClock "0:00:14"]
[BlackClock "0:00:04"]

1. e4 c5 2. Nf3 Nc6 3. d4 cxd4 4. Nxd4 Nf6 5. Nc3 e5 6. Ndb5 d6 7. Bg5 a6 8. Na3 b5 9. Nd5 Be7 10. Bxf6 Bxf6 11. c4 b4 12. Nc2 O-O 13. Bd3 a5 14. O-O Bg5 15. Be2 Ne7 16. b3 Be6 17. Nde3 Kh8 18. Qd3 f5 19. exf5 Nxf5 20. Rad1 Rc8 21. Bg4 Nxe3 22. Nxe3 Bxe3 23. Bxe6 Bd4 24. Bxc8 Qxc8 25. Kh1 Qg4 26. f3 Qh4 27. Qe4 Qf6 28. f4 h6 29. h3 Qh4 30. Qd5 Rxf4 31. Qxd6 Kh7 32. Qe6 Qg3 33. Rxf4 Qxf4 34. Qg4 Qf6 35. Qe4+ Kg8 36. Qe2 Kh7 37. Rf1 Qg6 38. Qf3 e4 39. Qf5 Qxf5 40. Rxf5 e3 41. Rf8 Kg6 42. Rd8 Kf5 43. Re8 Be5 44. Kg1 Ke4 45. Kf1 Kd4 46. Ke2 Bf4 47. Rf8 Bg5 48. g3 Kc3 49. h4 Bf6 50. Kxe3 Kb2 51. Ra8 Kxa2 52. c5 Kxb3 53. c6 Be5 54. Rxa5 Kc3 55. Rxe5 b3 56. c7 b2 57. c8=Q+ Kb4 58. Qb7+ Ka4 1-0


[Site "https://www.chess.com"]

[Event "Titled Tuesday Blitz March 15 Early 2022"]
[White "Pranav Anand"]
[Black "Martic, Ivan"]
[WhiteFideId "46626786"]
[BlackFideId "929301"]
[WhiteElo "2259"]
[BlackElo "2317"]
[Result "1-0"]
[Round "02"]
[TimeControl "180+1"]
[Date "2022.03.15"]
[WhiteClock "0:00:52"]
[BlackClock "0:00:35"]

1. Nf3 Nf6 2. g3 g6 3. Bg2 Bg7 4. O-O O-O 5. d4 d6 6. c4 c6 7. Nc3 Nbd7 8. Qc2 e5 9. Rd1 exd4 10. Nxd4 Re8 11. Bf4 Ne5 12. b3 Qe7 13. Rac1 h5 14. Bg5 a6 15. e4 c5 16. Nd5 Qd8 17. Nf3 Bg4 18. Nxe5 Rxe5 19. Bxf6 Bxf6 20. Nxf6+ Qxf6 21. Rd3 Rae8 22. Qd2 Rxe4 23. Bxe4 Rxe4 24. Rxd6 Qf5 25. Rd8+ Kh7 26. Qc3 f6 27. Re1 Bf3 28. Re8 h4 29. R1xe4 Bxe4 30. Qe3 Bc6 31. Qe7+ Kh6 32. Rh8+ Kg5 33. Qe3+ Kg4 34. Rxh4# 1-0


[Site "https://www.chess.com"]

[Event "Titled Tuesday Blitz March 15 Early 2022"]
[White "Prohorov, Olexandr"]
[Black "Krasilnikov, Evgeni"]
[WhiteFideId "14105578"]
[BlackFideId "4139739"]
[WhiteElo "1993"]
[BlackElo "2206"]
[Result "1-0"]
[Round "02"]
[TimeControl "180+1"]
[Date "2022.03.15"]
[WhiteClock "0:00:12"]
[BlackClock "0:00:01"]

1. e4 c6 2. d4 d5 3. e5 Bf5 4. Nf3 e6 5. Be2 Ne7 6. O-O c5 7. c4 Nbc6 8. Nc3 cxd4 9. Nxd4 Nxd4 10. Qxd4 Nc6 11. Qf4 d4 12. Rd1 g5 13. Qg3 h6 14. Nb5 a6 15. Nd6+ Bxd6 16. exd6 Qf6 17. Bf3 Rc8 18. b3 d3 19. Ba3 Kd7 20. b4 Qc3 21. b5 Nd4 22. bxa6 Nxf3+ 23. Qxf3 Qxa3 24. Qxb7+ Kxd6 25. Rab1 Rxc4 26. Rb6+ Ke5 27. Qxf7 Rhc8 28. Re1+ Re4 29. f4+ gxf4 30. Qg7+ Kd5 31. Qd7+ Ke5 32. Rxe4+ Kxe4 33. Qxc8 d2 34. Qc6+ Ke3 35. Qf3+ Kd4 36. Qd1 Qe3+ 37. Kh1 1-0


[Site "https://www.chess.com"]

[Event "Titled Tuesday Blitz March 15 Early 2022"]
[White "Rengifo Blancas, Renzo Jhonathan"]
[Black "Harikrishna, Pentala"]
[WhiteFideId "3807185"]
[BlackFideId "5007003"]
[WhiteElo "2058"]
[BlackElo "2574"]
[Result "0-1"]
[Round "02"]
[TimeControl "180+1"]
[Date "2022.03.15"]
[WhiteClock "0:00:14"]
[BlackClock "0:01:50"]

1. Nf3 d5 2. d4 Nf6 3. c4 c6 4. g3 g6 5. Bg2 Bg7 6. O-O O-O 7. cxd5 cxd5 8. Nc3 e6 9. Qb3 Nc6 10. Qa3 Re8 11. Bg5 h6 12. Bf4 Bf8 13. Qa4 Bd7 14. Qd1 Qb6 15. Qd2 g5 16. Be3 Ng4 17. Ne5 Ncxe5 18. dxe5 Nxe3 19. fxe3 Bc6 20. Kh1 Bg7 21. e4 dxe4 22. Nxe4 Bxe4 23. Bxe4 Bxe5 24. Rf6 Bxf6 0-1


[Site "https://www.chess.com"]

[Event "Titled Tuesday Blitz March 15 Early 2022"]
[White "Riazantsev, Alexander"]
[Black "Pajeken, Jakob Leon"]
[WhiteFideId "4125029"]
[BlackFideId "12942839"]
[WhiteElo "2595"]
[BlackElo "2351"]
[Result "1-0"]
[Round "02"]
[TimeControl "180+1"]
[Date "2022.03.15"]
[WhiteClock "0:01:02"]
[BlackClock "0:00:04"]

1. d4 d5 2. c4 dxc4 3. e3 Nf6 4. Bxc4 e6 5. Nf3 c5 6. O-O Nc6 7. Qe2 a6 8. Rd1 b5 9. dxc5 Qc7 10. Bd3 Nb4 11. Nc3 Nxd3 12. Rxd3 Bxc5 13. e4 Ng4 14. Nd1 O-O 15. h3 Ne5 16. Bf4 Nxf3+ 17. Qxf3 e5 18. Be3 Bxe3 19. Nxe3 Be6 20. Nd5 Qb7 21. Rc1 Rac8 22. Rdc3 Rxc3 23. Rxc3 Rd8 24. Rc7 Qb8 25. Qc3 Bxd5 26. exd5 Qa8 27. Qxe5 Re8 28. Re7 Kf8 29. d6 Qd8 30. Rxe8+ Qxe8 31. f4 Qxe5 32. fxe5 Ke8 33. Kf2 Kd7 34. Ke3 f6 35. Kd4 Ke6 36. exf6 gxf6 37. Kc5 Kd7 38. Kd5 b4 39. Kc5 a5 40. Kd5 h6 41. Kc5 f5 42. Kd5 h5 43. Ke5 a4 44. Kd5 f4 45. Ke5 b3 46. axb3 axb3 47. Kd5 h4 48. Ke5 Kd8 49. Kxf4 Kd7 50. Ke5 Kc6 51. Ke6 1-0


[Site "https://www.chess.com"]